[ AOE2 MATCH · #481488510 ]
UnrankedTatars vs Japanese
[ REPLAY ANALYSIS · EXTRACTED FROM THE RECORDED GAME ]
Feudal
10:59
Castle
19:01
Imperial
42:50
| APM avg | 14.1 |
| APM peak | 28 |
| eAPM avg | 11.2 |
| Villagers / military | 120 / 215 |
Focus
⚔️ 31.3% · 🌾 68.7%
Skirmisher ×115 · Keshik ×49 · Knight ×44 · Cavalry Archer ×4 · Monk ×3
Feudal
13:13
Castle
17:08
Imperial
38:23
| APM avg | 30.6 |
| APM peak | 75 |
| eAPM avg | 21.0 |
| Villagers / military | 168 / 277 |
Focus
⚔️ 31.1% · 🌾 68.9%
Spearman ×170 · Samurai ×99 · Trebuchet (Packed) ×7 · Militia ×1
Feudal
11:25
Castle
18:07
Imperial
38:25
| APM avg | 26.0 |
| APM peak | 51 |
| eAPM avg | 14.7 |
| Villagers / military | 159 / 17 |
Focus
⚔️ 19.0% · 🌾 81.0%
Scorpion ×12 · Mangudai ×5
Feudal
11:50
Castle
27:12
Imperial
—
| APM avg | 21.7 |
| APM peak | 54 |
| eAPM avg | 14.2 |
| Villagers / military | 124 / 55 |
Focus
⚔️ 26.0% · 🌾 74.0%
Serjeant ×27 · Spearman ×23 · Monk ×5
Feudal
11:31
Castle
21:43
Imperial
43:11
| APM avg | 14.4 |
| APM peak | 35 |
| eAPM avg | 7.9 |
| Villagers / military | 80 / 100 |
Focus
⚔️ 34.1% · 🌾 65.9%
Spearman ×73 · Boyar ×13 · Petard ×9 · Militia ×2 · Skirmisher ×2 · Battering Ram ×1
Feudal
12:20
Castle
26:58
Imperial
—
| APM avg | 18.9 |
| APM peak | 61 |
| eAPM avg | 9.2 |
| Villagers / military | 61 / 10 |
Focus
⚔️ 16.5% · 🌾 83.5%
Knight ×6 · Monk ×2 · Battering Ram ×2
Match map
Initial resources + every placement click. Lines = walls · curves = elevation contours. ◆ gold · ⬟ stone · ● berries · ✦ relic · ◌ wall gap
Your base· Open — unwalled flank
yusj5037's base· Open — unwalled flank
LG's base· Open — unwalled flank
钢7连's base· Open — unwalled flank
老歪's base· Open — unwalled flank
看我眼色行事's base· Open — unwalled flank
Smoothed initial terrain · ◌ = detected wall gap · hover for details
Inputs per minute
— LQuan - - yusj5037
Build order — LQuan
First 150 of 362 actions detected
| 0:01 | Create | Villager (Male) |
| 0:02 | Create | Villager (Male) |
| 0:07 | Build | House |
| 0:13 | Build | House |
| 0:25 | Create | Villager (Male) |
| 0:26 | Create | Villager (Male) |
| 0:26 | Create | Villager (Male) |
| 1:26 | Create | Villager (Male) |
| 1:57 | Create | Villager (Male) |
| 2:29 | Create | Villager (Male) |
| 3:11 | Create | Villager (Male) |
| 3:12 | Create | Villager (Male) |
| 3:26 | Build | Lumber Camp |
| 3:28 | Create | Villager (Male) |
| 3:51 | Build | House |
| 4:06 | Create | Villager (Male) |
| 5:02 | Build | Mill |
| 5:04 | Create | Villager (Male) |
| 5:05 | Create | Villager (Male) |
| 5:05 | Create | Villager (Male) |
| 6:06 | Build | House |
| 6:08 | Create | Villager (Male) |
| 6:33 | Create | Villager (Male) |
| 6:33 | Create | Villager (Male) |
| 6:48 | Build | House |
| 6:54 | Create | Villager (Male) |
| 6:54 | Create | Villager (Male) |
| 7:53 | Build | Farm |
| 8:02 | Create | Villager (Male) |
| 8:03 | Create | Villager (Male) |
| 8:41 | Research | Feudal Age |
| 8:53 | Build | Farm |
| 9:00 | Build | Farm |
| 9:41 | Build | House |
| 9:42 | Build | House |
| 10:58 | Create | Villager (Male) |
| 10:58 | Create | Villager (Male) |
| 10:59 | Age | Feudal Age |
| 11:04 | Research | Double-Bit Axe |
| 11:16 | Create | Villager (Male) |
| 11:17 | Create | Villager (Male) |
| 11:22 | Research | Horse Collar |
| 11:25 | Create | Villager (Male) |
| 11:25 | Create | Villager (Male) |
| 11:59 | Create | Villager (Male) |
| 11:59 | Create | Villager (Male) |
| 12:15 | Create | Villager (Male) |
| 12:15 | Create | Villager (Male) |
| 12:28 | Create | Villager (Male) |
| 13:09 | Build | Mill |
| 13:20 | Build | Market |
| 13:31 | Create | Villager (Male) |
| 13:32 | Create | Villager (Male) |
| 14:09 | Build | Barracks |
| 14:18 | Build | Farm |
| 14:39 | Build | Mining Camp |
| 14:49 | Create | Villager (Male) |
| 15:15 | Create | Villager (Male) |
| 15:16 | Create | Villager (Male) |
| 15:27 | Build | Blacksmith |
| 16:07 | Create | Villager (Male) |
| 16:12 | Build | Farm |
| 16:21 | Research | Castle Age |
| 16:28 | Research | Forging |
| 16:32 | Research | Scale Barding Armor |
| 17:25 | Build | Farm |
| 17:27 | Build | Farm |
| 17:28 | Build | Farm |
| 17:30 | Build | Farm |
| 17:42 | Build | Farm |
| 18:06 | Build | House |
| 18:12 | Build | Palisade Wall |
| 18:29 | Build | Palisade Gate |
| 19:01 | Age | Castle Age |
| 19:04 | Create | Villager (Male) |
| 19:05 | Create | Villager (Male) |
| 19:05 | Create | Villager (Male) |
| 19:18 | Build | Stable |
| 19:21 | Build | Stable |
| 19:26 | Create | Villager (Male) |
| 19:59 | Build | Monastery |
| 20:02 | Create | Villager (Male) |
| 20:03 | Create | Villager (Male) |
| 20:14 | Build | Town Center |
| 20:23 | Create | Knight |
| 20:23 | Create | Knight |
| 20:23 | Create | Knight |
| 20:24 | Create | Knight |
| 20:35 | Create | Villager (Male) |
| 20:40 | Research | Heavy Plow |
| 20:48 | Create | Monk |
| 20:48 | Create | Monk |
| 21:01 | Create | Villager (Male) |
| 21:01 | Create | Villager (Male) |
| 21:08 | Create | Knight |
| 21:08 | Create | Knight |
| 21:09 | Create | Knight |
| 21:09 | Create | Knight |
| 21:11 | Create | Villager (Male) |
| 21:11 | Create | Villager (Male) |
| 21:40 | Create | Villager (Male) |
| 21:42 | Create | Villager (Male) |
| 21:42 | Create | Villager (Male) |
| 21:45 | Create | Villager (Male) |
| 22:00 | Create | Knight |
| 22:16 | Create | Villager (Male) |
| 22:36 | Build | Town Center |
| 22:41 | Create | Knight |
| 22:44 | Create | Villager (Male) |
| 22:48 | Build | Farm |
| 22:50 | Build | Farm |
| 22:57 | Create | Knight |
| 23:07 | Create | Villager (Male) |
| 23:20 | Create | Villager (Male) |
| 23:38 | Build | House |
| 23:38 | Build | House |
| 23:39 | Build | House |
| 23:39 | Build | House |
| 23:40 | Build | House |
| 23:40 | Build | House |
| 23:41 | Build | House |
| 23:42 | Build | House |
| 23:49 | Create | Knight |
| 23:49 | Create | Knight |
| 24:10 | Research | Bloodlines |
| 24:19 | Build | Farm |
| 24:20 | Build | Farm |
| 24:22 | Build | Farm |
| 24:38 | Research | Gold Mining |
| 24:43 | Create | Villager (Male) |
| 24:52 | Create | Knight |
| 24:53 | Create | Knight |
| 24:55 | Create | Villager (Male) |
| 25:06 | Build | Farm |
| 25:07 | Build | Farm |
| 25:08 | Build | Farm |
| 25:34 | Create | Knight |
| 25:35 | Create | Knight |
| 27:01 | Build | Town Center |
| 27:05 | Build | Farm |
| 27:07 | Build | Farm |
| 27:08 | Build | Farm |
| 27:10 | Build | Farm |
| 27:11 | Build | Farm |
| 27:12 | Create | Villager (Male) |
| 27:12 | Create | Villager (Male) |
| 27:13 | Create | Villager (Male) |
| 27:17 | Create | Knight |
| 27:18 | Create | Knight |
| 27:18 | Create | Knight |
Build order — yusj5037
First 150 of 494 actions detected
| 0:01 | Create | Villager (Male) |
| 0:01 | Create | Villager (Male) |
| 0:03 | Build | House |
| 0:05 | Build | House |
| 0:34 | Create | Villager (Male) |
| 0:34 | Create | Villager (Male) |
| 1:25 | Research | Loom |
| 1:39 | Create | Villager (Male) |
| 1:50 | Create | Villager (Male) |
| 1:54 | Build | Lumber Camp |
| 2:31 | Create | Villager (Male) |
| 3:32 | Create | Villager (Male) |
| 3:33 | Create | Villager (Male) |
| 3:34 | Create | Villager (Male) |
| 4:01 | Build | Mill |
| 4:05 | Build | House |
| 4:14 | Create | Villager (Male) |
| 4:14 | Create | Villager (Male) |
| 4:35 | Build | House |
| 4:44 | Create | Villager (Male) |
| 5:31 | Create | Villager (Male) |
| 5:32 | Create | Villager (Male) |
| 5:42 | Build | Mining Camp |
| 6:02 | Create | Villager (Male) |
| 6:17 | Create | Villager (Male) |
| 6:35 | Build | House |
| 6:45 | Create | Villager (Male) |
| 6:46 | Create | Villager (Male) |
| 7:04 | Create | Villager (Male) |
| 7:23 | Create | Villager (Male) |
| 7:55 | Create | Villager (Male) |
| 8:02 | Build | Mining Camp |
| 8:27 | Create | Villager (Male) |
| 8:27 | Create | Villager (Male) |
| 9:50 | Create | Villager (Male) |
| 9:50 | Create | Villager (Male) |
| 9:51 | Create | Villager (Male) |
| 10:08 | Build | Mill |
| 11:01 | Research | Feudal Age |
| 12:01 | Build | Farm |
| 12:02 | Build | Farm |
| 12:04 | Build | Farm |
| 12:05 | Build | Farm |
| 12:08 | Build | Farm |
| 12:13 | Build | Farm |
| 12:14 | Build | Farm |
| 12:23 | Create | Villager (Male) |
| 12:23 | Create | Villager (Male) |
| 13:13 | Age | Feudal Age |
| 13:21 | Build | Market |
| 13:24 | Build | Blacksmith |
| 13:52 | Create | Villager (Male) |
| 14:00 | Research | Double-Bit Axe |
| 14:27 | Research | Castle Age |
| 14:35 | Research | Stone Mining |
| 14:39 | Research | Horse Collar |
| 16:22 | Research | Gold Mining |
| 16:48 | Create | Villager (Male) |
| 16:49 | Create | Villager (Male) |
| 17:01 | Research | Wheelbarrow |
| 17:06 | Build | House |
| 17:08 | Age | Castle Age |
| 17:11 | Build | House |
| 17:17 | Build | Town Center |
| 17:20 | Build | Town Center |
| 17:55 | Create | Villager (Male) |
| 17:55 | Create | Villager (Male) |
| 18:07 | Research | Heavy Plow |
| 18:12 | Build | Farm |
| 18:12 | Build | Farm |
| 18:23 | Research | Bow Saw |
| 18:29 | Create | Villager (Male) |
| 18:45 | Create | Villager (Male) |
| 18:51 | Create | Villager (Male) |
| 18:57 | Build | Farm |
| 18:59 | Build | Farm |
| 19:00 | Build | Farm |
| 19:06 | Create | Villager (Male) |
| 19:24 | Create | Villager (Male) |
| 19:30 | Build | Castle |
| 19:47 | Build | Farm |
| 19:50 | Build | Farm |
| 19:51 | Create | Villager (Male) |
| 19:55 | Build | Farm |
| 19:56 | Build | Farm |
| 19:57 | Build | Farm |
| 20:03 | Create | Villager (Male) |
| 20:07 | Create | Villager (Male) |
| 20:23 | Create | Villager (Male) |
| 20:28 | Build | Farm |
| 20:34 | Create | Villager (Male) |
| 20:38 | Create | Villager (Male) |
| 20:45 | Build | Farm |
| 20:47 | Build | Farm |
| 20:50 | Build | Farm |
| 20:52 | Create | Villager (Male) |
| 21:02 | Build | Farm |
| 21:04 | Build | Farm |
| 21:05 | Build | Farm |
| 21:05 | Create | Villager (Male) |
| 21:12 | Build | House |
| 21:13 | Build | House |
| 21:14 | Build | House |
| 21:17 | Create | Villager (Male) |
| 21:18 | Create | Villager (Male) |
| 21:26 | Build | Mining Camp |
| 21:27 | Create | Villager (Male) |
| 21:35 | Create | Villager (Male) |
| 21:40 | Create | Villager (Male) |
| 21:47 | Create | Samurai |
| 22:00 | Research | Scale Mail Armor |
| 22:08 | Create | Villager (Male) |
| 22:14 | Build | Farm |
| 22:16 | Build | Farm |
| 22:17 | Build | Farm |
| 22:18 | Build | Farm |
| 22:19 | Build | Farm |
| 22:23 | Create | Villager (Male) |
| 22:23 | Create | Villager (Male) |
| 22:28 | Create | Villager (Male) |
| 22:34 | Build | Farm |
| 22:36 | Build | Farm |
| 22:37 | Build | Farm |
| 22:44 | Build | Farm |
| 22:45 | Create | Villager (Male) |
| 22:46 | Create | Villager (Male) |
| 22:52 | Create | Samurai |
| 22:58 | Create | Villager (Male) |
| 23:01 | Research | Town Watch |
| 23:03 | Create | Villager (Male) |
| 23:17 | Create | Villager (Male) |
| 23:24 | Create | Villager (Male) |
| 23:27 | Create | Villager (Male) |
| 23:30 | Create | Villager (Male) |
| 23:36 | Build | Farm |
| 23:36 | Build | Farm |
| 23:42 | Build | Farm |
| 23:45 | Create | Villager (Male) |
| 23:46 | Create | Villager (Male) |
| 24:07 | Create | Villager (Male) |
| 24:07 | Create | Villager (Male) |
| 24:07 | Create | Villager (Male) |
| 24:08 | Create | Villager (Male) |
| 24:12 | Create | Villager (Male) |
| 24:20 | Create | Villager (Male) |
| 24:23 | Create | Villager (Male) |
| 24:27 | Build | Farm |
| 24:28 | Build | Farm |
| 24:30 | Build | Farm |
| 24:31 | Build | Farm |
Build order — LG
First 150 of 296 actions detected
| 0:01 | Create | Villager (Male) |
| 0:01 | Create | Villager (Male) |
| 0:04 | Build | House |
| 0:06 | Build | House |
| 0:44 | Create | Villager (Male) |
| 0:45 | Create | Villager (Male) |
| 1:36 | Create | Villager (Male) |
| 2:01 | Create | Villager (Male) |
| 2:32 | Create | Villager (Male) |
| 2:57 | Create | Villager (Male) |
| 3:15 | Create | Villager (Male) |
| 3:49 | Create | Villager (Male) |
| 3:50 | Create | Villager (Male) |
| 3:50 | Create | Villager (Male) |
| 4:12 | Build | Lumber Camp |
| 4:14 | Create | Villager (Male) |
| 4:17 | Create | Villager (Male) |
| 4:43 | Create | Villager (Male) |
| 4:46 | Build | House |
| 5:46 | Build | House |
| 5:49 | Build | House |
| 5:50 | Build | House |
| 6:23 | Create | Villager (Male) |
| 7:14 | Create | Villager (Male) |
| 7:28 | Build | Mill |
| 8:11 | Create | Villager (Male) |
| 8:37 | Build | Mining Camp |
| 8:40 | Create | Villager (Male) |
| 9:15 | Research | Feudal Age |
| 10:08 | Build | Mining Camp |
| 10:58 | Build | Barracks |
| 11:08 | Build | Barracks |
| 11:11 | Create | Villager (Male) |
| 11:25 | Age | Feudal Age |
| 11:27 | Create | Villager (Male) |
| 11:39 | Build | Mill |
| 11:55 | Create | Villager (Male) |
| 12:09 | Build | Blacksmith |
| 12:15 | Create | Villager (Male) |
| 12:24 | Build | Stable |
| 12:37 | Create | Villager (Male) |
| 13:08 | Create | Villager (Male) |
| 13:49 | Create | Villager (Male) |
| 14:08 | Build | Farm |
| 14:09 | Build | Farm |
| 14:09 | Build | Farm |
| 14:10 | Build | Farm |
| 14:24 | Build | Mining Camp |
| 14:34 | Research | Loom |
| 14:46 | Build | House |
| 14:54 | Build | House |
| 15:27 | Research | Castle Age |
| 15:40 | Build | Lumber Camp |
| 16:27 | Research | Double-Bit Axe |
| 16:41 | Research | Horse Collar |
| 17:13 | Build | Watch Tower |
| 18:07 | Age | Castle Age |
| 18:08 | Create | Villager (Male) |
| 18:09 | Create | Villager (Male) |
| 18:16 | Build | Town Center |
| 18:48 | Build | Lumber Camp |
| 19:11 | Create | Villager (Male) |
| 19:20 | Create | Villager (Male) |
| 19:21 | Create | Villager (Male) |
| 19:31 | Create | Villager (Male) |
| 19:56 | Create | Villager (Male) |
| 20:11 | Create | Villager (Male) |
| 20:50 | Build | Town Center |
| 21:03 | Create | Villager (Male) |
| 21:07 | Build | Farm |
| 21:08 | Build | Farm |
| 21:08 | Build | Farm |
| 21:09 | Build | Farm |
| 21:27 | Build | Watch Tower |
| 22:28 | Build | Farm |
| 22:57 | Create | Villager (Male) |
| 22:57 | Create | Villager (Male) |
| 23:09 | Build | Town Center |
| 23:24 | Create | Villager (Male) |
| 23:59 | Create | Villager (Male) |
| 24:20 | Create | Villager (Male) |
| 24:20 | Create | Villager (Male) |
| 24:21 | Create | Villager (Male) |
| 24:22 | Create | Villager (Male) |
| 24:40 | Build | Farm |
| 24:40 | Build | Farm |
| 24:41 | Build | Farm |
| 24:41 | Build | Farm |
| 24:42 | Build | Farm |
| 24:44 | Build | Farm |
| 24:45 | Build | Farm |
| 24:47 | Create | Villager (Male) |
| 24:56 | Create | Villager (Male) |
| 25:10 | Build | Farm |
| 25:14 | Build | Farm |
| 25:21 | Create | Villager (Male) |
| 25:54 | Create | Villager (Male) |
| 25:57 | Create | Villager (Male) |
| 26:05 | Create | Villager (Male) |
| 26:05 | Create | Villager (Male) |
| 27:03 | Create | Villager (Male) |
| 27:03 | Create | Villager (Male) |
| 27:05 | Create | Villager (Male) |
| 27:30 | Research | Wheelbarrow |
| 27:33 | Create | Villager (Male) |
| 27:37 | Create | Villager (Male) |
| 27:49 | Build | Castle |
| 27:56 | Create | Villager (Male) |
| 27:59 | Create | Villager (Male) |
| 28:08 | Build | Farm |
| 28:08 | Build | Farm |
| 28:09 | Build | Farm |
| 28:10 | Build | Farm |
| 28:25 | Create | Villager (Male) |
| 28:38 | Create | Villager (Male) |
| 28:40 | Create | Villager (Male) |
| 28:57 | Build | Town Center |
| 29:09 | Create | Villager (Male) |
| 29:10 | Create | Villager (Male) |
| 29:42 | Create | Villager (Male) |
| 29:47 | Create | Villager (Male) |
| 30:07 | Build | Mill |
| 30:08 | Build | Farm |
| 30:09 | Build | Farm |
| 30:10 | Build | Farm |
| 30:11 | Build | Farm |
| 30:15 | Create | Villager (Male) |
| 30:54 | Build | Town Center |
| 31:16 | Build | Mining Camp |
| 31:38 | Create | Villager (Male) |
| 31:39 | Create | Villager (Male) |
| 31:40 | Create | Villager (Male) |
| 31:46 | Create | Villager (Male) |
| 31:46 | Create | Villager (Male) |
| 31:47 | Create | Villager (Male) |
| 31:47 | Create | Villager (Male) |
| 31:51 | Build | Farm |
| 31:51 | Build | Farm |
| 31:52 | Build | Farm |
| 31:52 | Build | Farm |
| 31:52 | Build | Farm |
| 31:53 | Build | Farm |
| 31:55 | Build | Farm |
| 31:56 | Build | Farm |
| 32:03 | Create | Villager (Male) |
| 32:08 | Research | Hand Cart |
| 32:48 | Create | Villager (Male) |
| 32:49 | Create | Villager (Male) |
| 32:50 | Create | Villager (Male) |
| 32:51 | Create | Villager (Male) |
Build order — 钢7连
First 150 of 270 actions detected
| 0:04 | Research | Loom |
| 0:05 | Create | Villager (Male) |
| 0:05 | Create | Villager (Male) |
| 0:05 | Create | Villager (Male) |
| 0:06 | Create | Villager (Male) |
| 0:06 | Create | Villager (Male) |
| 0:06 | Create | Villager (Male) |
| 0:16 | Build | House |
| 0:18 | Build | House |
| 0:20 | Build | House |
| 2:00 | Create | Villager (Male) |
| 2:00 | Create | Villager (Male) |
| 2:26 | Create | Villager (Male) |
| 2:26 | Create | Villager (Male) |
| 2:50 | Build | Mill |
| 3:08 | Create | Villager (Male) |
| 3:09 | Create | Villager (Male) |
| 3:09 | Create | Villager (Male) |
| 3:31 | Create | Villager (Male) |
| 3:31 | Create | Villager (Male) |
| 3:31 | Create | Villager (Male) |
| 3:40 | Create | Villager (Male) |
| 3:40 | Create | Villager (Male) |
| 4:25 | Create | Villager (Male) |
| 4:25 | Create | Villager (Male) |
| 4:25 | Create | Villager (Male) |
| 4:26 | Create | Villager (Male) |
| 5:17 | Create | Villager (Male) |
| 5:18 | Create | Villager (Male) |
| 5:19 | Create | Villager (Male) |
| 5:19 | Create | Villager (Male) |
| 5:41 | Create | Villager (Male) |
| 5:41 | Create | Villager (Male) |
| 5:42 | Create | Villager (Male) |
| 5:51 | Build | House |
| 5:53 | Build | House |
| 5:55 | Build | House |
| 6:20 | Create | Villager (Male) |
| 6:37 | Build | Lumber Camp |
| 6:49 | Create | Villager (Male) |
| 6:49 | Create | Villager (Male) |
| 6:50 | Create | Villager (Male) |
| 6:50 | Create | Villager (Male) |
| 6:50 | Create | Villager (Male) |
| 6:50 | Create | Villager (Male) |
| 6:51 | Create | Villager (Male) |
| 7:44 | Create | Villager (Male) |
| 7:44 | Create | Villager (Male) |
| 7:45 | Create | Villager (Male) |
| 7:45 | Create | Villager (Male) |
| 7:45 | Create | Villager (Male) |
| 8:01 | Build | Mining Camp |
| 8:17 | Create | Villager (Male) |
| 8:17 | Create | Villager (Male) |
| 8:48 | Create | Villager (Male) |
| 9:20 | Build | Lumber Camp |
| 9:40 | Research | Feudal Age |
| 10:38 | Create | Villager (Male) |
| 10:38 | Create | Villager (Male) |
| 10:38 | Create | Villager (Male) |
| 10:39 | Create | Villager (Male) |
| 10:39 | Create | Villager (Male) |
| 11:50 | Age | Feudal Age |
| 11:56 | Create | Villager (Male) |
| 11:56 | Create | Villager (Male) |
| 11:57 | Create | Villager (Male) |
| 11:57 | Create | Villager (Male) |
| 12:32 | Build | Mining Camp |
| 12:36 | Create | Villager (Male) |
| 12:36 | Create | Villager (Male) |
| 12:36 | Create | Villager (Male) |
| 13:12 | Build | Donjon |
| 13:35 | Build | House |
| 13:40 | Build | House |
| 13:51 | Create | Villager (Male) |
| 13:52 | Create | Villager (Male) |
| 13:52 | Create | Villager (Male) |
| 13:52 | Create | Villager (Male) |
| 14:17 | Build | Donjon |
| 14:33 | Build | Farm |
| 14:34 | Build | Farm |
| 14:36 | Build | Farm |
| 14:38 | Build | Farm |
| 14:39 | Build | Farm |
| 14:41 | Build | Farm |
| 14:51 | Build | Farm |
| 15:43 | Build | Donjon |
| 16:01 | Create | Serjeant |
| 16:01 | Create | Serjeant |
| 16:01 | Create | Serjeant |
| 16:01 | Create | Serjeant |
| 16:08 | Create | Serjeant |
| 16:08 | Create | Serjeant |
| 16:23 | Create | Villager (Male) |
| 16:24 | Create | Villager (Male) |
| 16:24 | Create | Villager (Male) |
| 17:09 | Build | Donjon |
| 17:24 | Create | Serjeant |
| 17:24 | Create | Serjeant |
| 17:25 | Create | Serjeant |
| 18:43 | Build | Barracks |
| 18:50 | Create | Serjeant |
| 18:50 | Create | Serjeant |
| 18:57 | Create | Serjeant |
| 18:57 | Create | Serjeant |
| 18:58 | Create | Serjeant |
| 18:58 | Create | Serjeant |
| 19:55 | Build | House |
| 19:57 | Build | House |
| 20:28 | Build | Donjon |
| 20:59 | Build | Donjon |
| 21:17 | Create | Villager (Male) |
| 21:17 | Create | Villager (Male) |
| 21:17 | Create | Villager (Male) |
| 21:17 | Create | Villager (Male) |
| 21:27 | Build | Farm |
| 21:29 | Build | Farm |
| 21:30 | Build | Farm |
| 21:31 | Build | Farm |
| 21:33 | Build | Farm |
| 21:35 | Build | Farm |
| 21:37 | Build | Farm |
| 21:58 | Build | Archery Range |
| 22:28 | Build | Mining Camp |
| 23:22 | Build | Farm |
| 23:24 | Build | Farm |
| 23:37 | Build | Blacksmith |
| 24:32 | Research | Castle Age |
| 25:18 | Build | Farm |
| 25:45 | Research | Horse Collar |
| 25:51 | Research | Double-Bit Axe |
| 27:00 | Research | Scale Mail Armor |
| 27:01 | Research | Forging |
| 27:12 | Age | Castle Age |
| 27:22 | Build | Castle |
| 27:41 | Build | Town Center |
| 27:47 | Create | Villager (Male) |
| 27:47 | Create | Villager (Male) |
| 27:48 | Create | Villager (Male) |
| 27:48 | Create | Villager (Male) |
| 27:48 | Create | Villager (Male) |
| 28:14 | Build | Castle |
| 28:25 | Create | Serjeant |
| 28:26 | Create | Serjeant |
| 28:26 | Create | Serjeant |
| 28:26 | Create | Serjeant |
| 28:26 | Create | Serjeant |
| 28:27 | Create | Serjeant |
| 28:27 | Create | Serjeant |
| 28:27 | Create | Serjeant |
Build order — 老歪
First 150 of 194 actions detected
| 0:03 | Create | Villager (Male) ×4 |
| 0:04 | Research | Loom |
| 0:08 | Build | House |
| 0:09 | Build | House |
| 0:13 | Build | House |
| 2:15 | Create | Villager (Male) |
| 2:15 | Create | Villager (Male) |
| 3:12 | Create | Villager (Male) |
| 3:27 | Build | Mill |
| 3:32 | Create | Villager (Male) |
| 4:20 | Create | Villager (Male) |
| 4:21 | Create | Villager (Male) |
| 4:21 | Create | Villager (Male) |
| 4:48 | Create | Villager (Male) |
| 5:40 | Create | Villager (Male) |
| 5:47 | Build | House |
| 6:06 | Create | Villager (Male) |
| 6:06 | Create | Villager (Male) |
| 6:35 | Build | Mill |
| 6:48 | Build | Lumber Camp |
| 7:13 | Create | Villager (Male) |
| 7:38 | Create | Villager (Male) |
| 8:03 | Create | Villager (Male) |
| 8:27 | Create | Villager (Male) |
| 8:37 | Build | Barracks |
| 8:49 | Build | House |
| 8:56 | Create | Villager (Male) |
| 9:18 | Research | Feudal Age |
| 9:19 | Research | Feudal Age |
| 9:54 | Build | House |
| 10:23 | Create | Militia |
| 10:24 | Create | Militia |
| 10:38 | Build | Mining Camp |
| 10:49 | Build | Palisade Wall |
| 11:31 | Age | Feudal Age |
| 11:38 | Create | Villager (Male) |
| 11:38 | Create | Villager (Male) |
| 11:41 | Research | Wheelbarrow |
| 11:47 | Research | Double-Bit Axe |
| 12:04 | Build | Farm |
| 12:05 | Build | Farm |
| 12:08 | Build | Farm |
| 12:10 | Build | Farm |
| 12:11 | Build | Farm |
| 12:21 | Research | Man-at-Arms (upgrade) |
| 12:51 | Build | Farm |
| 12:52 | Build | Farm |
| 12:55 | Build | Farm |
| 13:33 | Build | Archery Range |
| 13:38 | Create | Villager (Male) |
| 13:38 | Create | Villager (Male) |
| 14:47 | Build | Barracks |
| 14:50 | Create | Skirmisher |
| 14:50 | Create | Skirmisher |
| 14:59 | Create | Villager (Male) |
| 14:59 | Create | Villager (Male) |
| 15:00 | Create | Villager (Male) |
| 15:00 | Create | Villager (Male) |
| 15:49 | Create | Spearman ×5 |
| 15:53 | Create | Villager (Male) |
| 15:53 | Create | Villager (Male) |
| 16:01 | Build | Palisade Wall |
| 16:05 | Build | House |
| 16:08 | Build | House |
| 16:53 | Build | Watch Tower |
| 17:59 | Build | Blacksmith |
| 18:34 | Build | Barracks |
| 18:38 | Create | Villager (Male) |
| 18:38 | Create | Villager (Male) |
| 18:39 | Create | Villager (Male) |
| 18:47 | Research | Castle Age |
| 19:56 | Build | Mining Camp |
| 20:01 | Build | House |
| 20:02 | Build | House |
| 20:03 | Build | House |
| 20:05 | Build | House |
| 20:22 | Create | Spearman ×5 |
| 20:50 | Build | Mining Camp |
| 20:59 | Research | Stone Mining |
| 21:43 | Age | Castle Age |
| 21:46 | Build | House |
| 21:46 | Build | House |
| 21:48 | Build | House |
| 21:52 | Build | Farm |
| 22:25 | Research | Hand Cart |
| 22:26 | Create | Villager (Male) |
| 22:27 | Create | Villager (Male) |
| 22:36 | Build | Town Center |
| 23:50 | Build | Market |
| 24:07 | Research | Squires |
| 24:08 | Research | Pikeman (upgrade) |
| 24:17 | Create | Spearman |
| 24:18 | Create | Spearman |
| 24:23 | Create | Spearman |
| 24:23 | Create | Spearman |
| 24:38 | Build | Farm |
| 24:44 | Build | Farm |
| 24:48 | Research | Horse Collar |
| 25:21 | Build | Mining Camp |
| 25:49 | Research | Forging |
| 25:54 | Research | Fletching |
| 26:19 | Build | Castle |
| 27:00 | Create | Villager (Male) ×5 |
| 27:11 | Create | Villager (Male) ×5 |
| 27:39 | Build | Lumber Camp |
| 27:46 | Build | Mining Camp |
| 27:51 | Create | Boyar ×3 |
| 27:58 | Create | Villager (Male) ×3 |
| 28:06 | Build | Farm |
| 28:08 | Build | Farm |
| 29:39 | Build | University |
| 29:45 | Build | Monastery |
| 30:15 | Build | Castle |
| 30:27 | Create | Villager (Male) ×5 |
| 30:28 | Create | Villager (Male) ×5 |
| 30:41 | Build | Lumber Camp |
| 31:07 | Research | Tech 455 |
| 31:09 | Create | Boyar ×2 |
| 31:26 | Create | Spearman ×4 |
| 32:00 | Research | Murder Holes |
| 32:07 | Build | House |
| 32:08 | Build | House |
| 32:10 | Build | House |
| 32:12 | Build | House |
| 32:13 | Build | House |
| 32:15 | Build | House |
| 32:18 | Build | House |
| 32:54 | Build | Castle |
| 33:10 | Create | Villager (Male) ×5 |
| 33:25 | Build | Lumber Camp |
| 34:21 | Create | Petard |
| 34:21 | Create | Petard |
| 34:33 | Research | Bodkin Arrow |
| 34:35 | Research | Iron Casting |
| 34:38 | Research | Scale Mail Armor |
| 34:39 | Research | Padded Archer Armor |
| 34:47 | Build | Barracks |
| 34:50 | Build | Barracks |
| 34:50 | Build | Barracks |
| 35:14 | Create | Villager (Male) ×5 |
| 36:03 | Create | Petard |
| 36:03 | Create | Petard |
| 36:23 | Build | Farm |
| 36:24 | Build | Farm |
| 36:26 | Build | Farm |
| 36:27 | Build | Farm |
| 36:29 | Build | Farm |
| 36:31 | Build | Farm |
| 36:34 | Build | Farm |
| 37:18 | Build | Castle |
Build order — 看我眼色行事
132 actions detected in the replay
| 0:03 | Create | Villager (Male) |
| 0:04 | Create | Villager (Male) |
| 0:04 | Create | Villager (Male) |
| 0:04 | Create | Villager (Male) |
| 0:09 | Build | House |
| 1:37 | Create | Villager (Male) |
| 1:53 | Build | House |
| 2:07 | Create | Villager (Male) |
| 2:32 | Build | Lumber Camp |
| 2:50 | Create | Villager (Male) |
| 3:12 | Create | Villager (Male) |
| 3:29 | Create | Villager (Male) |
| 3:54 | Build | House |
| 4:05 | Create | Villager (Male) |
| 4:34 | Create | Villager (Male) |
| 4:52 | Research | Loom |
| 4:58 | Create | Villager (Male) |
| 5:09 | Build | Mill |
| 5:57 | Create | Villager (Male) |
| 6:04 | Build | House |
| 6:19 | Create | Villager (Male) |
| 6:21 | Create | Villager (Male) |
| 6:34 | Create | Villager (Male) |
| 6:57 | Create | Villager (Male) |
| 7:09 | Build | Farm |
| 7:10 | Create | Villager (Male) |
| 7:37 | Create | Villager (Male) |
| 8:04 | Create | Villager (Male) |
| 8:12 | Build | House |
| 8:19 | Build | Lumber Camp |
| 8:23 | Create | Villager (Male) |
| 8:32 | Create | Villager (Male) |
| 9:12 | Build | Mining Camp |
| 9:35 | Build | Farm |
| 9:54 | Build | Mining Camp |
| 10:10 | Research | Feudal Age |
| 10:54 | Build | Barracks |
| 11:04 | Build | House |
| 12:02 | Build | Farm |
| 12:20 | Age | Feudal Age |
| 12:27 | Build | Blacksmith |
| 12:35 | Create | Villager (Male) |
| 12:45 | Build | Stable |
| 13:28 | Build | Farm |
| 13:30 | Build | Farm |
| 13:47 | Create | Villager (Male) |
| 15:04 | Build | Watch Tower |
| 15:14 | Build | House |
| 15:27 | Build | Farm |
| 16:48 | Build | Watch Tower |
| 19:19 | Create | Villager (Male) |
| 19:33 | Create | Villager (Male) |
| 19:33 | Create | Villager (Male) |
| 20:13 | Create | Villager (Male) |
| 20:14 | Create | Villager (Male) |
| 20:28 | Build | Farm |
| 20:34 | Create | Villager (Male) |
| 20:35 | Create | Villager (Male) |
| 20:54 | Build | Market |
| 21:03 | Create | Villager (Male) |
| 21:30 | Create | Villager (Male) |
| 21:45 | Build | Lumber Camp |
| 21:51 | Build | Farm |
| 21:52 | Build | Farm |
| 21:53 | Build | Farm |
| 21:55 | Build | Farm |
| 21:56 | Build | Farm |
| 23:44 | Create | Villager (Male) |
| 24:18 | Research | Castle Age |
| 24:18 | Research | Castle Age |
| 24:36 | Research | Horse Collar |
| 25:25 | Research | Double-Bit Axe |
| 26:58 | Age | Castle Age |
| 27:02 | Create | Villager (Male) |
| 27:04 | Create | Knight |
| 27:05 | Create | Knight |
| 27:17 | Create | Villager (Male) |
| 27:29 | Build | Town Center |
| 27:58 | Build | Farm |
| 28:08 | Create | Villager (Male) |
| 28:09 | Create | Villager (Male) |
| 29:06 | Create | Villager (Male) |
| 29:31 | Create | Knight |
| 29:31 | Create | Knight |
| 29:34 | Create | Knight |
| 29:34 | Create | Knight |
| 30:26 | Create | Villager (Male) |
| 30:27 | Create | Villager (Male) |
| 30:39 | Create | Villager (Male) |
| 30:54 | Create | Villager (Male) |
| 31:02 | Create | Villager (Male) |
| 31:03 | Create | Villager (Male) |
| 31:19 | Create | Villager (Male) |
| 31:53 | Build | Siege Workshop |
| 32:16 | Create | Villager (Male) |
| 32:17 | Create | Villager (Male) |
| 32:29 | Create | Villager (Male) |
| 32:29 | Create | Villager (Male) |
| 32:30 | Create | Villager (Male) |
| 33:30 | Create | Villager (Male) |
| 33:55 | Create | Battering Ram |
| 34:08 | Build | Farm |
| 34:44 | Build | Monastery |
| 35:23 | Create | Villager (Male) |
| 35:43 | Build | House |
| 35:56 | Create | Monk |
| 35:56 | Create | Monk |
| 36:24 | Build | Town Center |
| 36:43 | Build | Farm |
| 37:42 | Build | Castle |
| 38:03 | Create | Battering Ram |
| 38:12 | Create | Villager (Male) |
| 38:12 | Create | Villager (Male) |
| 39:17 | Build | Lumber Camp |
| 41:31 | Build | Lumber Camp |
| 43:58 | Build | Town Center |
| 44:13 | Research | Bow Saw |
| 45:02 | Build | Town Center |
| 45:27 | Build | Monastery |
| 46:31 | Build | Town Center |
| 48:24 | Build | Town Center |
| 48:40 | Create | Villager (Male) |
| 48:40 | Create | Villager (Male) |
| 48:41 | Create | Villager (Male) |
| 48:41 | Create | Villager (Male) |
| 48:42 | Create | Villager (Male) |
| 48:42 | Create | Villager (Male) |
| 48:46 | Build | House |
| 48:47 | Build | House |
| 48:48 | Build | House |
| 48:50 | Build | House |
| 48:50 | Build | House |
Match timeline
| 8:37 | 老歪 · first_building Barracks |
| 10:49 | 老歪 · wall_segment Palisade Wall x17 |
| 10:54 | 看我眼色行事 · first_building Barracks |
| 10:58 | LG · first_building Barracks |
| 10:59 | LQuan · age_up feudal |
| 11:25 | LG · age_up feudal |
| 11:31 | 老歪 · age_up feudal |
| 11:50 | 钢7连 · age_up feudal |
| 12:20 | 看我眼色行事 · age_up feudal |
| 12:24 | LG · first_building Stable |
| 12:45 | 看我眼色行事 · first_building Stable |
| 13:12 | 钢7连 · first_building Donjon |
| 13:13 | yusj5037 · age_up feudal |
| 13:33 | 老歪 · first_building Archery Range |
| 14:09 | LQuan · first_building Barracks |
| 16:01 | 老歪 · wall_segment Palisade Wall x1 |
| 16:19 | LQuan · first_market_sell 100 stone |
| 17:08 | yusj5037 · age_up castle |
| 18:07 | LG · age_up castle |
| 18:12 | LQuan · wall_segment Palisade Wall x4 |
| 18:43 | 钢7连 · first_building Barracks |
| 19:01 | LQuan · age_up castle |
| 19:18 | LQuan · first_building Stable |
| 19:30 | yusj5037 · first_building Castle |
| 19:59 | LQuan · first_building Monastery |
| 21:43 | 老歪 · age_up castle |
| 21:58 | 钢7连 · first_building Archery Range |
| 22:24 | LQuan · first_market_buy 100 stone |
| 24:57 | 老歪 · first_market_buy 100 stone |
| 25:04 | 老歪 · first_market_sell 100 wood |
| 25:10 | yusj5037 · first_building Barracks |
| 26:19 | 老歪 · first_building Castle |
| 26:58 | 看我眼色行事 · age_up castle |
| 27:12 | 钢7连 · age_up castle |
| 27:22 | 钢7连 · first_building Castle |
| 27:49 | LG · first_building Castle |
| 29:45 | 老歪 · first_building Monastery |
| 30:48 | LQuan · first_building Castle |
| 31:53 | 看我眼色行事 · first_building Siege Workshop |
| 34:44 | 看我眼色行事 · first_building Monastery |
| 36:14 | LQuan · first_building Archery Range |
| 37:42 | 看我眼色行事 · first_building Castle |
| 38:08 | 钢7连 · first_building Monastery |
| 38:23 | yusj5037 · age_up imperial |
| 38:25 | LG · age_up imperial |
| 40:58 | 老歪 · first_building Siege Workshop |
| 42:15 | 看我眼色行事 · first_market_sell 100 stone |
| 42:17 | 看我眼色行事 · first_market_buy 100 wood |
| 42:46 | LG · first_building Siege Workshop |
| 42:50 | LQuan · age_up imperial |
| 43:11 | 老歪 · age_up imperial |
| 48:42 | LQuan · resign |
[ AI ANALYSIS · 1 CREDIT ]
What really happened in this match?
Wolo.gg analyzes every decision: build order, eco, micro, common mistakes by bracket. Personalized analysis on WhatsApp or Discord in 30 seconds.
Civ guide
Tatars
Perfil
Jugador #24940409